 Dungeon Crawl Stone Soup version 0.25-a0-294-gea9b1ad378 (webtiles) character file.

Game seed: 7028685485362188161, levelgen mode: deterministic

95 MoonlitKnight the Chopper (level 4, -22/41 HPs)
             Began as a Hill Orc Fighter on Dec 16, 2019.
             Blown up by Ijyb (25 damage)
             ... with a disintegration bolt
             ... on level 3 of the Dungeon.
             The game lasted 00:03:06 (1695 turns).

MoonlitKnight the Chopper (Hill Orc Fighter)        Turns: 1695, Time: 00:03:06

Health: -22/41     AC:  7    Str: 19    XL:     4   Next: 65%
Magic:  4/4        EV:  7    Int:  8    God:
Gold:   82         SH:  9    Dex: 10    Spells: 3/3 levels left

rFire    . . .     SeeInvis .   a - +0 war axe
rCold    . . .     Gourm    .   c - +0 shield
rNeg     . . .     Faith    .   b - +0 scale mail
rPois    .         Spirit   .   (no helmet)
rElec    .         Reflect  .   (no cloak)
rCorr    .         Harm     .   (no gloves)
MR       .....                  (no boots)
Stlth    ..........             (no amulet)
HPRegen  0.13/turn              (no ring)
MPRegen  0.09/turn              (no ring)

@: no status effects
A: no striking features
a: no special abilities


You were on level 3 of the Dungeon.
You were not hungry.

You visited 1 branch of the dungeon, and saw 3 of its levels.

You collected 82 gold pieces.

Inventory:

Hand Weapons
 a - a +0 war axe (weapon)
Missiles
 g - 4 curare-tipped darts
 l - 7 poisoned darts (quivered)
Armour
 b - a +0 scale mail (worn)
 c - a +0 shield (worn)
Jewellery
 n - an uncursed ring of poison resistance {unknown}
Scrolls
 i - a scroll of magic mapping {unknown}
 m - 2 scrolls of identify {unknown}
 p - 2 scrolls of blinking {unknown}
 q - a scroll of teleportation {unknown}
 r - a scroll of enchant weapon {unknown}
Potions
 d - a potion of might
 e - 3 potions of curing {unknown}
 h - a potion of flight {unknown}
 k - 3 potions of agility {unknown}
 o - 2 potions of brilliance {unknown}
 s - a potion of haste
 t - a potion of ambrosia {unknown}
Comestibles
 f - 6 rations
 j - 11 chunks of flesh


   Skills:
 + Level 4.3 Fighting
 * Level 4.4 Axes
 + Level 3.8 Armour
 + Level 3.9 Shields


You had 3 spell levels left.
You didn't know any spells.
Your spell library was empty.

Dungeon Overview and Level Annotations

Branches:
Dungeon (3/15)

Altars:
Dithmenos
Gozag
Wu Jian

Annotations:
D:3 Ijyb


Message History

You closely miss Ijyb.
Ijyb is moderately wounded.
Ijyb hits you but does no damage.
You hit Ijyb but do no damage.
Ijyb is moderately wounded.
Ijyb hits you but does no damage.
You hit Ijyb.
Ijyb is heavily wounded.
You block Ijyb's attack. x2
You barely miss Ijyb.
Ijyb is heavily wounded.
Ijyb hits you but does no damage.
You slash Ijyb!
Ijyb is almost dead.
You block Ijyb's attack.
You closely miss Ijyb.
Ijyb is almost dead.
Ijyb barely misses you.
Ijyb zaps a wand.
You are blasted!
Ouch! That really hurt!
You die...

#.._..#.....#
###.#.#รทรท####
#####.....#..#
###...###(###..#######
........(..##........#
......)(#..##...####.#
###.##..#..##...####.#
#.##<.........#.....
#..@....#####....#..
####g#### #..#...# #r#
#......# #.# ######.#
... #### #.# ... ...
#.# ..## #..####. .#
#.... .. #.#.# #.#


You could see Ijyb and a rat.

Vanquished Creatures
  An adder (D:3)
  2 worms (D:2)
  A dart slug (D:2)
  A leopard gecko (D:2)
  5 orcs (D:3)
  8 bats
  6 giant cockroaches
  11 goblins
  6 hobgoblins
  4 jackals (D:3)
  11 kobolds
  3 frilled lizards
  2 rats
61 creatures vanquished.

Notes
Turn   | Place    | Note
-------+----------+-------------------------------------------
     0 | D:1      | MoonlitKnight the Hill Orc Fighter began the quest for the
                  | Orb.
     0 | D:1      | Reached XP level 1. HP: 19/19 MP: 1/1
   137 | D:1      | Reached XP level 2. HP: 25/27 MP: 2/2
   581 | D:2      | Reached XP level 3. HP: 33/33 MP: 3/3
   818 | D:2      | Found a shadowy altar of Dithmenos.
  1239 | D:2      | Reached XP level 4. HP: 40/40 MP: 4/4
  1532 | D:3      | Found an ornate altar of the Wu Jian Council.
  1653 | D:3      | Found an opulent altar of Gozag.
  1678 | D:3      | Noticed Ijyb
  1689 | D:3      | HP: 2/41 [disintegration (8)]
  1695 | D:3      | Blown up by Ijyb

Levels and vault maps discovered:
D:1:      minmay_arrival_five_plusses, layout_loops_ring
D:2:      layout_basic, nicolae_dithmenos_shadow_blocks, first_ration,
          columned_hall_lemuel, grunt_ministairs_11, minmay_pentomino_t4
D:3:      layout_loops_cross, zin_scriptorium, lemuel_doored_altar,
          overflow_temple_1_default,
          nicolae_gozag_cash_rules_everything_around_me, uniq_ijyb, uniq_natasha

Skill      XL: |  1  2  3 |
---------------+----------+-----
Axes           | 3 4 |  4.4
Fighting       | 4 |  4.3
Armour         | |  3.8
Shields        | |  3.9

Action                   |  1- 3 |  4- 6 || total
-------------------------+-------+-------++-------
Melee: War axe           |   131 |    87 ||   218
  Eat: Chunk             |     1 |     2 ||     3
Armor: Scale mail        |    72 |    51 ||   123
Dodge: Dodged            |    65 |    32 ||    97
Block: Shield            |    78 |    59 ||   137

Table legend:
 A = Non-vault XP
 B = Vault XP
 C = Vault XP percentage of total XP
 D = Non-vault monster count
 E = Vault monster count
 F = Vault count percentage of total count
                 A         B        C        D         E       F
            +---------+---------+-------+---------+---------+-------
      Total |     125 |      11 |   8.1 |      56 |       5 |   8.2
            +---------+---------+-------+---------+---------+-------
        D:1 |      23 |       0 |   0.0 |      13 |       0 |   0.0
        D:2 |      48 |      11 |  18.6 |      23 |       5 |  17.9
        D:3 |      54 |       0 |   0.0 |      20 |       0 |   0.0
            +---------+---------+-------+---------+---------+-------
